 Dungeon Crawl Stone Soup version 0.27.1-35-g4d5d836560 (webtiles) character file.

Game seed: 4058480563108637865

84 Delamore the Sneak (level 4, -1/29 HPs)
             Began as an Octopode Brigand on Mar 1, 2022.
             Slain by an adder (3 damage)
             ... on level 3 of the Dungeon.
             The game lasted 00:02:08 (2176 turns).

Delamore the Sneak (Octopode Brigand)               Turns: 2176, Time: 00:02:09

Health: -1/29      AC:  1    Str: 10    XL:     4   Next: 46%
Magic:  4/4        EV: 12    Int: 13    God:
Gold:   95         SH:  0    Dex: 14    Spells: 3/3 levels left

rFire    . . .     SeeInvis .   a - +2 dagger
rCold    . . .     Faith    .   (no shield)
rNeg     . . .     Spirit   .   (helmet restricted)
rPois    .         Reflect  .   (no amulet)
rElec    .         Harm     .   (no ring)
rCorr    .         Rampage  .   (no ring)
Will     .....                  (no ring)
Stlth    +++++.....             (no ring)
HPRegen  0.09/turn              (no ring)
MPRegen  0.09/turn              (no ring)
                                (no ring)
                                (no ring)

@: no status effects
A: almost no armour, amphibious, 8 rings, camouflage 1, gelatinous body 1,
(nimble swimmer 1), tentacles
a: no special abilities


You were on level 3 of the Dungeon.
You visited 1 branch of the dungeon, and saw 3 of its levels.

You collected 95 gold pieces.

Inventory:

Hand Weapons
 a - a +2 dagger (weapon)
Missiles
 b - 7 poisoned darts (quivered)
 f - 3 javelins
Scrolls
 d - a scroll of magic mapping
 g - a scroll of fog
 i - a scroll of enchant weapon
 k - a scroll of amnesia {unknown}
Potions
 e - a potion of flight {unknown}
 h - a potion of heal wounds {unknown}
 j - a potion of mutation {unknown}


   Skills:
 - Level 2.0 Fighting
 + Level 3.0 Short Blades
 - Level 2.0 Throwing
 - Level 1.0 Dodging
 * Level 7.2 Stealth


You had 3 spell levels left.
You didn't know any spells.
Your spell library contained the following spells:

 Spells                   Type           Power      Damage    Failure   Level
 Passage of Golubria      Tloc           N/A        N/A       97%         4
 Silence                  Hex/Air        0%         N/A       100%        5
 Lehudib's Crystal Spear  Conj/Erth      0%         10d2      100%        8


Dungeon Overview and Level Annotations

Branches:
Dungeon (3/15)

Altars:


Innate Abilities, Weirdness & Mutations

You cannot wear most types of armour.
You are amphibious.
You can wear up to eight rings at the same time.
Your skin changes colour to match your surroundings (Stealth+).
Your rubbery body absorbs attacks. (AC +1, EV +1)
((You are camouflaged near water. (Stealth+)))
You have tentacles for arms and can constrict up to eight enemies at once.


Message History

The rat twitches its whiskers.
The adder misses you. The adder barely misses you.
The adder closely misses you. The adder closely misses you.
The adder bites you but does no damage. The adder barely misses you.
The adder barely misses you.
Throw: dart (curare)
Press: ? - help, Q - select action, (/) - cycle Shift-Dir - straight line, f - adder
Aim: an adder (42% to hit)
You throw a curare-tipped dart.
The curare-tipped dart closely misses the adder.
The curare-tipped dart closely misses the water moccasin skeleton.
The adder bites you.
* * * LOW HITPOINT WARNING * * *
Throw: 8 darts (poison)
Press: ? - help, Q - select action, (/) - cycle Shift-Dir - straight line, f/p - adder
Aim: an adder (42% to hit)
You throw a poisoned dart. The poisoned dart hits the adder.
The adder is poisoned.
The adder barely misses you. The adder bites you.
* * * LOW HITPOINT WARNING * * *
The adder misses you.
Items here: ( )) รทรท.
The adder looks more healthy.
The adder bites you.
* * * LOW HITPOINT WARNING * * *
The adder bites you.
* * * LOW HITPOINT WARNING * * *
Things that are here:
a +1 trident of freezing; a +0 leather armour; an orc skeleton You see here a +0 short sword.
Okay, then.
Okay, then.
Okay, then.
You hit the adder. Your grab misses the adder.
The adder is severely wounded.
The adder bites you.
You die...

#.# ....... #.# .......
#.# ...#### #.# ...#
#.# #### #)# #.#
#.#####################
#..Z.S@................
#######################


You could see an adder and a water moccasin skeleton.

Vanquished Creatures
  An adder (D:2)
  A white imp (D:3)
  A worm (D:2)
  A dart slug (D:2)
  5 orcs (D:3)
  2 ball pythons
  6 endoplasms
  A giant cockroach (D:2)
  5 goblins
  3 hobgoblins
  6 jackals
  5 kobolds
  3 quokkas
  2 bats (D:1)
  6 frilled lizards (D:1)
  6 rats
54 creatures vanquished.

Vanquished Creatures (others)
  A plant (D:1)
  4 toadstools (D:1)
5 creatures vanquished.

Grand Total: 59 creatures vanquished

Notes
Turn   | Place    | Note
-------+----------+-------------------------------------------
     0 | D:1      | Delamore the Octopode Brigand began the quest for the Orb.
     0 | D:1      | Reached XP level 1. HP: 14/14 MP: 1/1
    88 | D:1      | Found a faded altar of an unknown god.
   108 | D:1      | Reached XP level 2. HP: 15/19 MP: 2/2
   401 | D:1      | Reached skill level 6 in Stealth
   484 | D:1      | Reached XP level 3. HP: 24/24 MP: 3/3
  1213 | D:2      | Reached XP level 4. HP: 29/29 MP: 4/4
  1399 | D:2      | Reached skill level 7 in Stealth
  2176 | D:3      | Slain by an adder

Illustrated notes

Levels and vault maps discovered:
D:1:      ldierk_walled_garden_2, layout_loops_cross,
          dreamdust_ecumenical_altar_grove, serial_forest,
          infiniplex_forest_straight_4, infiniplex_forest_corner_2,
          infiniplex_forest_clump_curved, infiniplex_forest_end_1,
          infiniplex_forest_lined_3_way, infiniplex_forest_clump_double,
          minmay_lizard_pond
D:2:      layout_loops_cross, grunt_ministairs_4, hangedman_decor_diamond_cutter
D:3:      layout_basic, minmay_misc_feat_iff, uniq_jessica

Skill      XL: |  1  2  3  4 |
---------------+-------------+-----
Stealth        | 6 7 |  7.2
Short Blades   | 3 |  3.0
Fighting       | |  2.0
Throwing       | |  2.0
Dodging        | |  1.0

Action                   |  1- 3 |  4- 6 || total
-------------------------+-------+-------++-------
Melee: Dagger            |    58 |    22 ||    80
       Tentacles         |     8 |     2 ||    10
       Constrict         |     7 |     4 ||    11
Throw: Dart              |       |    14 ||    14
  Use: Scroll            |     1 |     2 ||     3
 Stab: Sleeping          |    19 |     4 ||    23
Armor: Skin              |     1 |     3 ||     4
Dodge: Dodged            |    11 |    14 ||    25
